 Dungeon Crawl Stone Soup version 0.17-a0-1311-gbcbd859 (webtiles) character file.

18 ololoev the Slasher (level 2, -7/22 HPs)
             Began as a Formicid Warper on June 8, 2015.
             Mangled by a gnoll
             ... wielding a +0 halberd
              (11 damage)
             ... on level 2 of the Dungeon.
             The game lasted 00:01:42 (983 turns).

ololoev the Slasher (Formicid Warper)                Turns: 983, Time: 00:01:42

Health: -7/22      AC:  3    Str: 15    XL:     2   Next: 90%
Magic:  5/5        EV:  6    Int: 12    God:
Gold:   73         SH:  0    Dex: 10    Spells: 1 memorised, 4 levels left

rFire  . . .     SeeInvis +     a - +0 falchion
rCold  . . .     Clarity  .     b - +0 leather armour
rNeg   . . .     SustAt   .     (no shield)
rPois  .         Gourm    .     (helmet unavailable)
rElec  .         Spirit   .     (no cloak)
rCorr  .         Warding  .     (no gloves)
rMut   .         Stasis   +     (no boots)
MR     .....                    (no amulet)
Stlth  +.........               (no ring)
                                j - ring of teleportation (curse)

@: not resistant to hostile enchantments, very unstealthy
A: permanent stasis, dig shafts and tunnels, four strong arms, antennae 3
a: Dig, Shaft Self, Evoke Teleportation


Innate Abilities, Weirdness & Mutations

You are under a permanent stasis effect.
You can dig through walls and to a lower floor.
Your four strong arms can wield two-handed weapons with a shield.
You have a pair of large antennae on your head (SInv).

Inventory:

Hand weapons
 a - a +0 falchion (weapon)
Missiles
 e - 5 tomahawks of dispersal (quivered)
Armour
 b - a +0 leather armour (worn)
Jewellery
 j - a cursed ring of teleportation (left hand)
Scrolls
 d - a scroll of blinking
 g - 3 scrolls of identify {unknown}
 i - a scroll of remove curse {unknown}
 k - a scroll of amnesia {unknown}
 m - a scroll of random uselessness {unknown}
Potions
 h - a potion of invisibility {unknown}
Books
 c - a book of Spatial Translocations

   Spells                             Type                      Level
   a - Apportation                    Translocation                1
   b - Blink                          Translocation                2
   c - Shroud of Golubria             Charms/Translocation         2
   d - Portal Projectile              Translocation                3
   e - Teleport Other                 Translocation                3
   f - Passage of Golubria            Translocation                4
Comestibles
 f - a bread ration


   Skills:
 - Level 2.1 Fighting
 * Level 2.8 Long Blades
 - Level 0.7 Throwing
 + Level 1.9 Armour
 - Level 1.7 Dodging
 - Level 2.1 Spellcasting
 - Level 2.6 Translocations


You had 4 spell levels left.
You knew the following spells:

 Your Spells              Type           Power        Failure   Level  Hunger
a - Apportation           Tloc           #.........   12%         1    ##.....


You were on level 2 of the Dungeon.
You were not hungry.

You visited 1 branch of the dungeon, and saw 2 of its levels.

You collected 73 gold pieces.

#......#.
#....###.###
#..<..g.....# #
#...#........
.# #...#
.......#####.#
#####
g...........#
.....!.....####
.....gg<.......
.....g.@..#####
..........#
###########

Notes
Turn   | Place    | Note
--------------------------------------------------------------
     0 | D:1      | ololoev the Formicid Warper began the quest for the Orb.
     0 | D:1      | Reached XP level 1. HP: 16/16 MP: 3/3
   446 | D:1      | Reached XP level 2. HP: 16/22 MP: 5/5
   983 | D:2      | Mangled by a gnoll

Dungeon Overview and Level Annotations

Branches:
Dungeon (2/15)

Altars:


Message History

What level of the Dungeon? (default 1, ? - help)
There is a stone staircase leading down here.
You climb downwards.
A giant gecko and 4 gnolls come into view.
The gnoll shouts! x2
There is a stone staircase leading up here.
Press: ? - help, v - describe, . - travel
Here: a gnoll, wielding a flail The floor.
You climb upwards.
There is a stone staircase leading down here.
There is a stone staircase leading down here.
You climb downwards.
A goblin comes into view. It is wielding a club.
Found a glowing blue potion.
Found a stone staircase leading up.
There is a stone staircase leading up here.
There is a stone staircase leading up here.
The gnoll hits you from afar with a halberd.
The goblin barely misses you.
You climb upwards.
There is a stone staircase leading down here.
You closely miss the goblin. The goblin hits you but does no damage.
You closely miss the goblin. The goblin closely misses you.
You hit the goblin but do no damage. The goblin hits you but does no damage.
You closely miss the goblin. The goblin hits you with a club.
You hit the goblin.
You kill the goblin!
No target in view!
There is an open door here.
There is a stone staircase leading down here.
You start resting.
HP restored.
You climb downwards.
The gnoll closely misses you.
The gnoll hits you from afar with a halberd!
There is a stone staircase leading up here.
The gnoll hits you with a flail!
Ouch! That really hurt!
The gnoll hits you from afar with a halberd!
Ouch! That really hurt!
You die...

You could see 4 gnolls.

Vanquished Creatures
  An ooze (D:1)
  2 bats (D:1)
  A giant cockroach (D:1)
  3 goblins (D:1)
  4 hobgoblins (D:1)
  A giant newt (D:1)
  A rat (D:1)
13 creatures vanquished.

Action                   || total
-------------------------++-------
Melee: Falchion          ||    43

Vault maps used:
D:1:      dpeg_arrival_arbitrary_b
D:2:      uniq_crazy_yiuf_cottage
